 Dungeon Crawl Stone Soup version 0.16-a0-2010-g98bc240 (webtiles) character file.

1407 Kraw the Ruffian (level 8, 0/68 HPs)
             Began as a Troll Artificer on Nov 9, 2014.
             Was a Believer of Nemelex Xobeh.
             Slain by Crazy Yiuf
             ... wielding a +4 quarterstaff of chaos
              (9 damage)
             ... on level 5 of the Dungeon.
             The game lasted 00:23:10 (4218 turns).

Kraw the Ruffian (Troll Artificer)                  Turns: 4218, Time: 00:23:11

Health: 0/68       AC: 12    Str: 20    XL:     8   Next: 42%
Magic:  9/11       EV: 10    Int:  8    God:    Nemelex Xobeh [**....]
Gold:   230        SH:  0    Dex: 12    Spells: 0 memorised, 7 levels left

rFire  . . .     SeeInvis .       - Unarmed
rCold  . . .     Clarity  .     e - +0 robe
rNeg   . . .     SustAb   .     (shield restricted)
rPois  .         Gourm    +     (helmet restricted)
rElec  .         Spirit   .     p - +0 cloak
rCorr  .         Warding  .     (gloves unavailable)
rMut   .         Stasis   .     (boots unavailable)
MR     .....                    (no amulet)
Stlth  +.........               (no ring)
                                g - +6 ring of protection

@: lethally poisoned, flying, very slightly contaminated, invisible, not
resistant to hostile enchantments, very unstealthy
A: unfitting armour, claws 3, fast metabolism 3, gourmand, regeneration 2,
shaggy fur 1, tough skin 2
a: Renounce Religion


You were on level 5 of the Dungeon.
You worshipped Nemelex Xobeh.
Nemelex Xobeh was pleased with you.
You were full.

You visited 1 branch of the dungeon, and saw 5 of its levels.
You also visited: Ossuary.

You collected 230 gold pieces.

Inventory:

Hand weapons
 b - a +0 blowgun
 q - a +0 hunting sling
Missiles
 r - 22 stones
 u - 5 javelins (quivered)
 w - 21 poisoned needles
 E - 3 curare-tipped needles
Armour
 e - a +0 robe (worn)
 p - a +0 cloak (worn)
Jewellery
 g - a +6 ring of protection (left claw)
Magical devices
 c - a wand of enslavement (15)
 d - a wand of random effects (15)
 n - a wand of polymorph (11)
 x - a wand of flame (12)
 F - a wand of frost (23)
Scrolls
 f - 3 scrolls of teleportation
 h - 2 scrolls of identify {unknown}
 k - 2 scrolls of enchant weapon {unknown}
 s - 2 scrolls of immolation
 y - a scroll of recharging {unknown}
 z - a scroll of magic mapping {unknown}
 A - 3 scrolls of remove curse
Potions
 i - a potion of invisibility {unknown}
 j - a potion of agility {unknown}
 l - a potion of brilliance {unknown}
 m - 3 potions of flight
 B - a potion of experience {unknown}
 C - 4 potions of curing {unknown}
 D - a potion of poison {unknown}
 H - 4 potions of haste {unknown}
 I - a potion of confusion {unknown}
 J - 2 potions of restore abilities {unknown}
 K - a potion of berserk rage {unknown}
Miscellaneous
 v - a plain deck of war {drawn: 4}
 G - a plain deck of war
 L - a plain deck of war
Comestibles
 a - 3 meat rations
 o - 3 bread rations
 t - a beef jerky
 M - a royal jelly
 N - a chunk of flesh


   Skills:
 - Level 0.7 Fighting
 - Level 1.5 Dodging
 - Level 0.4 Stealth
 + Level 7.5 Unarmed Combat
 - Level 6.4 Evocations


You had 7 spell levels left.
You didn't know any spells.

Dungeon Overview and Level Annotations

Branches:
Dungeon (5/15)             Temple (0/1) D:4

Altars:
Ashenzari
Nemelex Xobeh
Ru

Annotations:
D:5 Crazy Yiuf


Innate Abilities, Weirdness & Mutations

You are too large for most types of armour.
You have claws for hands.
Your metabolism is lightning-fast.
You like to eat raw meat.
You heal very quickly.
You are covered in fur (AC +1).
You have very tough skin (AC +2).


Message History

You scratch Crazy Yiuf but do no damage.
Crazy Yiuf is heavily wounded.
The centaur hits you but does no damage.
Crazy Yiuf hits you with a quarterstaff of chaos.
You are more poisoned.
Evoke which item? (* to show all) (? for menu, Esc to quit)
You draw a card...
It is the Shadow.
You fade into invisibility!
You feel sick.
The centaur is no longer bleeding.
The centaur hits you but does no damage. x2
Crazy Yiuf hits you with a quarterstaff of chaos!!
* * * LOW HITPOINT WARNING * * *
You are very lightly contaminated with residual magic.
Drink which item? (? for menu, Esc to quit)
You feel very buoyant.
You fly up into the air.
It was a potion of flight.
You feel sick. The centaur barely misses you.
Crazy Yiuf hits you with a quarterstaff of chaos!
You die...
Your body glows slightly and disappears.

#'# ##(..# .. ..## #..))#
#.. ...# #.).)# ..#
..######..####...#
..##.##).........#####
#..Y.##..###+##+#....###
#.##.##.........#.......
#.##.##.........#........
+..............g@c.......
#################........
#######


You could see a centaur and Crazy Yiuf.

Vanquished Creatures
  Pikel (D:3)
  A slave (D:3)
  Sigmund (D:5)
  Duvessa (D:4)
  4 water moccasin zombies (Ossuary)
  Dowan (D:4)
  A hound (D:4)
  An orc priest (D:4)
  2 orc wizards
  3 worker ants (D:4)
  4 big kobold zombies (Ossuary)
  2 mummies (Ossuary)
  8 adders
  3 gnolls (D:3)
  A worm (D:2)
  5 adder zombies (Ossuary)
  An adder skeleton (D:4)
  3 giant geckos
  9 orcs
  A ball python (D:3)
  A gnoll zombie (Ossuary)
  7 hobgoblins
  6 jackals
  11 bats
  3 giant cockroaches
  3 giant newts
  11 goblins
  3 hobgoblin zombies (Ossuary)
  11 kobolds
  A kobold skeleton (D:4)
  4 kobold zombies (Ossuary)
  3 orc zombies
  A quokka (D:3)
  A quokka skeleton (D:4)
  19 rats
138 creatures vanquished.

Vanquished Creatures (collateral kills)
  A jelly (D:5)
1 creature vanquished.

Grand Total: 139 creatures vanquished

Notes
Turn   | Place    | Note
--------------------------------------------------------------
     0 | D:1      | Kraw, the Troll Artificer, began the quest for the Orb.
     0 | D:1      | Reached XP level 1. HP: 18/18 MP: 1/1
   203 | D:1      | Reached XP level 2. HP: 26/26 MP: 1/1
   835 | D:2      | Reached skill level 3 in Unarmed Combat
   835 | D:2      | Reached XP level 3. HP: 25/32 MP: 3/3
  1255 | D:2      | Found a shattered altar of Ashenzari.
  1255 | D:2      | Found a sparkling altar of Nemelex Xobeh.
  1260 | D:2      | Became a worshipper of Nemelex Xobeh the Trickster
  1304 | D:2      | Reached skill level 4 in Unarmed Combat
  1304 | D:2      | Reached XP level 4. HP: 40/40 MP: 3/3
  1688 | D:3      | Received a gift from Nemelex Xobeh
  1765 | D:3      | Found a sacrificial altar of Ru.
  1842 | D:3      | Reached skill level 5 in Unarmed Combat
  1842 | D:3      | Reached XP level 5. HP: 33/46 MP: 3/3
  2609 | D:4      | Reached skill level 6 in Unarmed Combat
  2622 | D:4      | Reached XP level 6. HP: 51/54 MP: 5/5
  2656 | D:4      | Noticed Duvessa
  2675 | D:4      | Killed Duvessa
  2686 | D:4      | Noticed Dowan
  2707 | D:4      | Killed Dowan
  2707 | D:4      | Reached skill level 7 in Unarmed Combat
  2933 | D:4      | Found a staircase to the Ecumenical Temple.
  2964 | D:4      | Received a gift from Nemelex Xobeh
  3015 | D:4      | Found a sand-covered staircase.
  3020 | Ossuary  | Entered an ossuary
  3076 | Ossuary  | Reached XP level 7. HP: 58/61 MP: 5/6
  3298 | D:4      | Noticed Pikel
  3298 | D:4      | Noticed a slave
  3298 | D:4      | Noticed a slave
  3299 | D:4      | Noticed a slave
  3347 | D:3      | Killed a slave
  3349 | D:4      | Noticed a slave
  3362 | D:3      | Killed Pikel
  3362 | D:3      | Reached XP level 8. HP: 36/68 MP: 8/11
  3647 | D:4      | Found a sparkling altar of Nemelex Xobeh.
  3670 | D:4      | Received a gift from Nemelex Xobeh
  3814 | D:5      | Entered Level 5 of the Dungeon
  3831 | D:5      | Noticed Sigmund
  3918 | D:5      | Killed Sigmund
  4140 | D:5      | Noticed Crazy Yiuf
  4151 | D:5      | Noticed a purple ugly thing
  4178 | D:5      | Noticed an elephant
  4218 | D:5      | Slain by Crazy Yiuf

Action                   |  1- 3 |  4- 6 |  7- 9 || total
-------------------------+-------+-------+-------++-------
Melee: Unarmed           |   103 |   182 |   121 ||   406
 Fire: Hunting sling     |     5 |     8 |       ||    13
       Blowgun           |       |    19 |     7 ||    26
Throw: Javelin           |       |     5 |       ||     5
Evoke: Wand              |       |       |     3 ||     3
       Deck              |       |       |     4 ||     4
  Use: Scroll            |       |       |     3 ||     3
       Potion            |       |       |     1 ||     1
 Stab: Sleeping          |       |     2 |     2 ||     4
  Eat: Chunk             |    17 |    15 |     8 ||    40
